 Dungeon Crawl Stone Soup version 0.29.1-15-g9cfb28693d (webtiles) character file.

Game seed: 12030194598480348858

35 croobank the Insei (level 3, -1/23 HPs)
             Began as an Octopode Transmuter on Apr 24, 2023.
             Slain by an adder (2 damage)
             ... on level 2 of the Dungeon.
             The game lasted 00:02:54 (1799 turns).

croobank the Insei (Octopode Transmuter)            Turns: 1799, Time: 00:02:54

Health: -1/23      AC:  1    Str:  9    XL:     3   Next: 33%
Magic:  4/6        EV: 10    Int: 17    God:
Gold:   60         SH:  0    Dex: 12    Spells: 3/6 levels left

rFire   . . .      SeeInvis .     - Unarmed
rCold   + . .      Faith    .   (no shield)
rNeg    . . .      Spirit   .   (helmet restricted)
rPois   .          Reflect  .   (no amulet)
rElec   .          Harm     .   k - ring of protection from cold
rCorr   .          Rampage  .   (no ring)
Will    .....                   (no ring)
Stlth   ++........              (no ring)
HPRegen 0.07/turn               (no ring)
MPRegen 0.10/turn               (no ring)
                                (no ring)
                                (no ring)

@: lethally poisoned (-1 -> -5), constricted
A: almost no armour, amphibious, 8 rings, camouflage 1, gelatinous body 1,
(nimble swimmer 1), tentacles
a: no special abilities


You were on level 2 of the Dungeon.
You visited 1 branch of the dungeon, and saw 2 of its levels.

You collected 60 gold pieces.

Inventory:

Hand Weapons
 d - a +0 short sword
 h - a +0 dagger
 o - a +0 quarterstaff
Missiles
 m - 2 poisoned darts
Jewellery
 k - a ring of protection from cold (left tentacle)
Scrolls
 g - a scroll of identify {unknown}
 i - 4 scrolls of noise {unknown}
 n - 3 scrolls of summoning {unknown}
Potions
 a - a potion of lignification
 b - a potion of degeneration {unknown}
 c - a potion of mutation {unknown}
 e - 2 potions of might {unknown}
 f - a potion of brilliance {unknown}
 j - a potion of curing {unknown}
 l - a potion of cancellation {unknown}


   Skills:
 + Level 1.5 Fighting
 + Level 2.3 Dodging
 + Level 3.2 Unarmed Combat
 + Level 2.3 Spellcasting
 + Level 2.4 Transmutations


You had 3 spell levels left.
You knew the following spells:

 Your Spells              Type           Power      Damage    Failure   Level
a - Beastly Appendage     Tmut           20%        N/A       7%          1
b - Wereblood             Tmut           10%        N/A       11%         2

Your spell library contained the following spells:

 Spells                   Type           Power      Damage    Failure   Level
 Spider Form              Tmut/Pois      6%         N/A       34%         3
 Ice Form                 Ice/Tmut       6%         N/A       75%         4


Dungeon Overview and Level Annotations

Branches:
Dungeon (2/15)

Altars:


Innate Abilities, Weirdness & Mutations

You cannot wear most types of armour.
You are amphibious.
You can wear up to eight rings at the same time.
Your skin changes colour to match your surroundings (Stealth+).
Your rubbery body absorbs attacks. (AC +1, EV +1)
((You are camouflaged when in or above water. (Stealth+)))
You have tentacles for arms and can constrict up to eight enemies at once.


Message History

The ball python hisses angrily.
You pierce the endoplasm, but do no damage.
Your squeeze misses the endoplasm.
The endoplasm is almost dead.
The goblin hits you with a +0 dagger. The endoplasm hits you.
You tentacle-slap the endoplasm.
You kill the endoplasm!
The goblin barely misses you.
You tentacle-slap the goblin. You grab the goblin. You squeeze the goblin.
You kill the goblin!
Your tentacle spike disappears.
The adder closely misses you.
You completely miss the adder. Your grab misses the adder.
The adder misses you.
You barely miss the adder. You grab the adder.
You squeeze the adder, but do no damage.
You constrict the adder. The adder bites you.
You are poisoned.
The adder poisons you! The ball python completely misses you.
The ball python grabs you. The ball python constricts you. The adder bites you.
You are too injured to fight recklessly!
You are too injured to fight recklessly!
You are too injured to fight recklessly!
You are too injured to fight recklessly!
You tentacle-slap the adder. You squeeze the adder.
The adder is moderately wounded.
You constrict the adder.
You feel sick. The ball python bites you. The ball python constricts you.
* * * LOW HITPOINT WARNING * * *
The adder barely misses you.
You tentacle-slap the adder.
The adder is heavily wounded.
You constrict the adder.
* * * LOW HITPOINT WARNING * * *
You feel sick. The ball python bites you.
* * * LOW HITPOINT WARNING * * *
The ball python constricts you.
* * * LOW HITPOINT WARNING * * *
The adder bites you.
You die...

######.).#######...###~~~~~~~
# #...........# #...#
#~~~~~~~ #####.####..###.#
#...# ##~~~~~#
......#.......#.# #...#
#######
#.....#.##.####.####...#
#.##....##.##......#...#
#.#........##......#####
##....####>##......# #....#
####...@S.# ♣....♣
#.....S...# ♣...♣♣
####......... ♣♣.♣♣
#........... .♣♣ #......!....
♣♣ #........~.. .........~..
.....#####.~~


You could see an adder and a ball python.

Vanquished Creatures
  4 endoplasms
  A giant cockroach (D:2)
  2 hobgoblins
  4 jackals (D:1)
  A quokka (D:1)
  4 ball pythons
  3 bats
  A frilled lizard (D:1)
  4 goblins
  4 kobolds (D:1)
  3 rats
31 creatures vanquished.

Notes
Turn   | Place    | Note
-------+----------+-------------------------------------------
     0 | D:1      | croobank the Octopode Transmuter began the quest for the
                  | Orb.
     0 | D:1      | Reached XP level 1. HP: 13/13 MP: 3/3
   345 | D:1      | Reached XP level 2. HP: 10/18 MP: 3/5
   498 | D:1      | Learned a level 2 spell: Wereblood
  1438 | D:2      | Reached XP level 3. HP: 21/23 MP: 3/6
  1799 | D:2      | HP: 1/23 [constriction (1)]
  1799 | D:2      | Slain by an adder

Illustrated notes

Levels and vault maps discovered:
D:1:      lemuel_arrival_muddy, layout_basic
D:2:      layout_basic, chequers_ecumenical_altar_island,
          kennysheep_flooded_box, uniq_crazy_yiuf_cottage

Action                   || total
-------------------------++-------
Melee: Unarmed           ||    53
       Kick              ||    16
       Constrict         ||    16
       Tentacles         ||    10
       Punch             ||     1
 Cast: Beastly Appendage ||    19
       Wereblood         ||    12
 Stab: Sleeping          ||     1
Armor: Skin              ||     3
Dodge: Dodged            ||    29
